 Dungeon Crawl Stone Soup version 0.19.1 (webtiles) character file.

1157 dscm the Magician (level 8, -1/50 HPs)
             Began as an Octopode Earth Elementalist on Dec 5, 2016.
             Was a Priest of Cheibriados.
             Killed from afar by her own ghost (17 damage)
             ... with a bolt of poison
             ... on level 6 of the Dungeon.
             The game lasted 00:14:21 (5127 turns).

dscm the Magician (Octopode Earth Elementalist)     Turns: 5127, Time: 00:14:22

Health: -1/50      AC:  1    Str: 13    XL:     8   Next: 39%
Magic:  18/26      EV: 14    Int: 26    God:    Cheibriados [***...]
Gold:   234        SH:  5    Dex: 18    Spells: 5 memorised, 4 levels left

rFire  . . .     SeeInvis .     b - 42 stones
rCold  . . .     Gourm    .     a - +0 buckler (curse)
rNeg   . . .     Faith    .     (helmet restricted)
rPois  .         Spirit   .     (no amulet)
rElec  .         Reflect  .     j - ring of stealth
rCorr  .         Harm     .     l - ring of magical power
MR     .....                    (no ring)
Stlth  +++++.....               (no ring)
                                (no ring)
                                (no ring)
                                (no ring)
                                (no ring)

@: lethally poisoned (-1 -> -17), very slow
A: almost no armour, stealthy swim, amphibious, 8 rings, constrict 8, camouflage
1, gelatinous body 1
a: Bend Time, Temporal Distortion, Renounce Religion


You were on level 6 of the Dungeon.
You worshipped Cheibriados.
Cheibriados was most pleased with you.
You were not hungry.

You visited 2 branches of the dungeon, and saw 7 of its levels.

You collected 234 gold pieces.

Inventory:

Hand Weapons
 i - a +2 hand axe of chopping
 w - a +1 long sword of protection
Missiles
 b - 42 stones (in tentacle)
Armour
 a - a cursed +0 buckler (worn)
Jewellery
 j - a ring of stealth (left tentacle)
 l - a ring of magical power (right tentacle)
Wands
 o - a wand of paralysis (11/24)
Scrolls
 e - 3 scrolls of remove curse
 k - a scroll of identify
 m - 4 scrolls of amnesia
 n - 3 scrolls of recharging
 p - 4 scrolls of teleportation
 t - a scroll of enchant armour
Potions
 f - a potion of curing
 g - 3 potions of heal wounds
 r - a potion of brilliance
Books
 d - a book of Geomancy

   Spells                             Type                      Level
   a - Sandblast                      Earth                        1
   b - Passwall                       Transmutation/Earth          2
   c - Stone Arrow                    Conjuration/Earth            3
   d - Petrify                        Transmutation/Earth          4
   e - Lee's Rapid Deconstruction     Earth                        5
Comestibles
 c - 7 bread rations
 h - 6 meat rations
 q - a royal jelly
 s - 2 fruits
 u - 3 beef jerkies


   Skills:
 * Level 2.0 Fighting
 * Level 3.1 Dodging
 - Level 3.1 Stealth
 * Level 3.2 Shields
 * Level 6.0 Spellcasting
 - Level 1.0 Transmutations
 + Level 5.6 Earth Magic
 * Level 2.4 Invocations


You had 4 spell levels left.
You knew the following spells:

 Your Spells              Type           Power        Failure   Level  Hunger
a - Sandblast             Erth           #####.       1%          1    None
b - Passwall              Tmut/Erth      ####......   3%          2    None
c - Stone Arrow           Conj/Erth      ###...       10%         3    None
d - Petrify               Tmut/Erth      ####....     21%         4    ###....
e - Lee's Rapid Deconstr  Erth           #####.....   21%         5    #####..


Dungeon Overview and Level Annotations

Branches:
Dungeon (6/15)             Temple (1/1) D:5

Altars:
Ashenzari
Cheibriados
Dithmenos
Elyvilon
Fedhas
Gozag
Hepliaklqana
Makhleb
Nemelex Xobeh
Okawaru
Qazlal
Ru
Trog
Vehumet
Xom
Zin
The Shining One

Shops:
D:6 =

Annotations:
D:6 Dowan; her own ghost, novice OpVM


Innate Abilities, Weirdness & Mutations

You cannot wear most types of armour.
You are very stealthy in the water. (Stealth+)
You are amphibious.
You can wear up to eight rings at the same time.
You can use your tentacles to constrict eight enemies at once.
Your skin changes colour to match your surroundings (Stealth+).
Your rubbery body absorbs attacks. (AC +1, EV +1)


Message History

Aim: her own ghost (severely damaged, radiating toxic energy)
The rocky blast hits her own ghost.
Her own ghost is almost destroyed.
You are more poisoned.
Dowan casts a spell.
Dowan blinks!
The quokka zombie bites you but does no damage.
You block her own ghost's attack.
Casting: Sandblast
Confirm with . or Enter, or press ? or * to list all spells.
Aiming: Sandblast
Press: ? - help, Shift-Dir - straight line, f/p - her own ghost
Aim: her own ghost (almost destroyed, radiating toxic energy)
The rocky blast misses her own ghost.
You feel sick.
You are more poisoned.
The quokka zombie bites you.
Dowan mumbles some strange words.
Her own ghost casts a spell at you. The bolt of poison hits you!
You are lethally poisoned!
You die...

.#.......8....##
.............##
##..##.#####.# ##.##. .#
##..... .. ### #..... .#
..##### ##.# #
.<....######..####.#####
###............W@ZY.....
###...<..#.#####e#####
###......### #
#...........
#.......#### #.).....#
#.......## ..........#
...##$........


You could see an ice beast, Dowan, her own ghost and a quokka zombie.

Vanquished Creatures
  Duvessa (D:6)
  A sky beast (D:5)
  An ogre (D:3)
  2 bullfrogs
  A scorpion (D:4)
  2 howler monkeys (D:4)
  A crimson imp (D:4)
  A bullfrog zombie (D:5)
  A jelly (D:5)
  An orc priest (D:5)
  4 hounds
  3 orc wizards
  3 worker ants
  2 hound zombies (D:5)
  A howler monkey zombie (D:5)
  2 hound skeletons (D:5)
  5 adders
  An ooze (D:2)
  3 worms (D:3)
  4 dart slugs (D:1)
  A leopard gecko (D:2)
  10 orcs
  7 bats
  3 giant cockroaches
  14 hobgoblins
  8 jackals
  2 quokkas
  2 ball pythons (D:1)
  5 frilled lizards
  17 goblins
  8 kobolds
  A quokka skeleton (D:5)
  6 rats
124 creatures vanquished.

Notes
Turn   | Place    | Note
-------+----------+-------------------------------------------
     0 | D:1      | dscm the Octopode Earth Elementalist began the quest for the Orb.
     0 | D:1      | Reached XP level 1. HP: 11/11 MP: 3/3
   437 | D:1      | Reached XP level 2. HP: 15/17 MP: 1/5
   441 | D:1      | Learned a level 2 spell: Passwall
   554 | D:2      | Reached XP level 3. HP: 15/21 MP: 6/6
   559 | D:2      | Learned a level 3 spell: Stone Arrow
   779 | D:4      | Reached skill level 1 in Shields
   779 | D:4      | Reached skill level 3 in Spellcasting
   779 | D:4      | Reached XP level 4. HP: 13/27 MP: 0/8
   975 | D:4      | Reached XP level 5. HP: 23/31 MP: 4/9
   984 | D:4      | Learned a level 4 spell: Petrify
  1039 | D:5      | Entered Level 5 of the Dungeon
  1330 | D:4      | Reached skill level 4 in Spellcasting
  1690 | D:4      | Reached XP level 6. HP: 36/36 MP: 9/12
  1763 | D:4      | Found a faded altar of an unknown god.
  1763 | D:4      | Found a bloodstained altar of Trog.
  1807 | D:4      | Found a faded altar of an unknown god.
  1810 | D:4      | Found a sparkling altar of Nemelex Xobeh.
  1811 | D:4      | Found a faded altar of an unknown god.
  2072 | D:5      | Found an opulent altar of Gozag.
  2076 | D:5      | Reached skill level 5 in Earth Magic
  2076 | D:5      | Reached XP level 7. HP: 40/41 MP: 11/14
  2117 | D:5      | Reached skill level 5 in Spellcasting
  2158 | D:5      | Learned a level 5 spell: Lee's Rapid Deconstruction
  2302 | D:5      | Found a staircase to the Ecumenical Temple.
  2310 | Temple   | Entered the Ecumenical Temple
  2390 | Temple   | Became a worshipper of Cheibriados the Contemplative
  2761 | D:1      | Reached * piety under Cheibriados
  3562 | D:3      | Reached ** piety under Cheibriados
  4079 | D:3      | Reached skill level 1 in Fighting
  4079 | D:3      | Reached skill level 1 in Invocations
  4355 | D:6      | Found Hitoxt's Jewellery Emporium.
  4356 | D:6      | Noticed her own ghost (novice OpVM)
  4486 | D:5      | Reached *** piety under Cheibriados
  4497 | D:5      | Reached XP level 8. HP: 42/48 MP: 16/16
  5112 | D:6      | Noticed Duvessa
  5117 | D:6      | Noticed Dowan
  5118 | D:6      | Killed Duvessa
  5118 | D:6      | Reached skill level 6 in Spellcasting
  5127 | D:6      | Killed from afar by her own ghost

Skill      XL: |  1  2  3  4  5  6  7  8 |
---------------+-------------------------+-----
Stealth        | 3 |  3.1
Shields        | 1 2 3 |  3.2
Spellcasting   | 3 4 5 6 |  6.0
Earth Magic    | 4 5 |  5.6
Fighting       | 1 2 |  2.0
Invocations    | 1 2 |  2.4
Dodging        | 3 |  3.1
Transmutations | |  1.0

Action                   |  1- 3 |  4- 6 |  7- 9 || total
-------------------------+-------+-------+-------++-------
Melee: Unarmed           |    25 |       |       ||    25
       Constrict         |    13 |     7 |    57 ||    77
       Tentacles         |     9 |     6 |    41 ||    56
Throw: Stone             |       |       |     2 ||     2
 Cast: Sandblast         |    16 |    39 |    60 ||   115
  Use: Scroll            |     3 |     4 |     9 ||    16
       Potion            |       |     1 |     3 ||     4
 Stab: Sleeping          |     2 |     1 |    16 ||    19
  Eat: Chunk             |       |     3 |     7 ||    10
Armor: Skin              |       |     2 |    17 ||    19
Dodge: Dodged            |    22 |    12 |   122 ||   156
Block: Buckler           |     1 |     3 |    47 ||    51
